Map: Torches LE

Players

Rogue - Winner!

  • Race: Zerg Zerg
  • Spawn Location: 5:00

HeroMarine

  • Race: Terran Terran
  • Spawn Location: 1:00

Event: Esports World Cup 2025

VOD

Have the link to the VOD?

Description

Time

  • Played on: July 23, 2025, 6:51 a.m.
  • Length: 6:40

All games in this series

Show
View Real Time Build Order
Export as new Build Order

Rogue Zerg - Winner!

Build Orders: Hatch First 

Get SALT Encoding   

  12  0:00  Drone  
  13  0:08  Drone  
  13  0:14  Drone, Extractor  
  15  0:35  Hatchery  
  15  0:40  Extractor  
  15  0:41  Drone  
  15  0:46  Overlord  
  15  1:01  Spawning Pool  
  14  1:05  Drone  
  14  1:08  Drone  
  16  1:12  Drone  
  16  1:16  Drone  
  18  1:26  Extractor  
  18  1:27  Drone  
  18  1:38  Drone  
  19  1:48  Queen x2  
  19  1:50  Zergling x2  
  24  1:54  Zergling x2  
  24  1:58  Drone  
  26  2:01  Overlord  
  26  2:09  Drone  
  26  2:10  Drone  
  28  2:21  Drone  
  28  2:22  Drone  
  30  2:24  Queen  
  32  2:32  Queen  
  33  2:39  Drone x2  
  35  2:45  Overlord  
  35  2:55  Overlord  
  35  3:04  Drone x4  
  35  3:05  Drone x3  
  42  3:10  Lair  
  42  3:13  Drone  
  42  3:15  Drone  
  42  3:16  Drone  
  45  3:22  Drone x2  
  47  3:27  Roach Warren  
  46  3:37  Hatchery  
  45  3:42  Drone x2  
  45  3:44  Drone  
  45  3:46  Drone x2  
  45  3:47  Extractor  
  49  3:48  Drone  
  49  3:50  Overlord  
  49  3:54  Extractor  
  49  3:57  Drone, Evolution Chamber  
  49  4:01  Overlord  
  49  4:03  Drone x2  
  49  4:07  Glial Reconstitution  
  49  4:09  Extractor  
  50  4:10  Overseer  
  50  4:15  Drone x2  
  50  4:16  Drone  
  53  4:20  Overlord  
  53  4:22  Roach  
  55  4:24  Roach  
  55  4:29  Overlord  
  55  4:30  Roach  
  59  4:33  Roach  
  59  4:34  Roach  
  63  4:38  Roach x2  
  63  4:41  Roach  
  63  4:45  Overlord  
  69  4:49  Roach  
  69  4:50  Roach  
  73  4:54  Roach x2  
  73  4:58  Roach  
  73  4:59  Roach  
  81  5:03  Ravager  
  81  5:04  Ravager, Evolution Chamber  
  84  5:07  Roach  
  84  5:10  Overlord  
  84  5:12  Overlord  
  69  5:21  Roach x2  
  69  5:22  Roach x2  
  69  5:25  Roach  
  69  5:27  Roach  
  69  5:30  Roach  
  69  5:32  Ravager  
  69  5:33  Roach  
  74  5:38  Roach  
  74  5:41  Ravager  
  77  5:44  Queen  
  79  5:50  Queen  
  79  5:56  Roach  
  79  5:57  Roach x2  
  87  6:00  Roach  
  87  6:03  Roach  
  85  6:12  Roach x2  
  85  6:17  Hatchery  
  85  6:18  Ravager x2  
  88  6:21  Roach  
Show
View Real Time Build Order
Export as new Build Order

HeroMarine Terran 

Build Orders: Reaper Expand 

Get SALT Encoding   

  12  0:00  SCV  
  13  0:12  SCV  
  14  0:17  Supply Depot  
  14  0:24  SCV  
  15  0:38  SCV  
  15  0:40  Barracks  
  16  0:43  Refinery  
  16  0:50  SCV  
  17  1:03  SCV  
  18  1:15  SCV  
  19  1:27  Orbital Command, Reaper  
  20  1:39  Command Center  
  20  1:46  Supply Depot  
  20  1:52  SCV  
  21  1:58  Marine  
  22  2:04  SCV  
  22  2:07  Barracks  
  23  2:16  SCV  
  23  2:17  Barracks Reactor  
  24  2:25  Barracks  
  24  2:28  SCV  
  25  2:41  Barracks, SCV  
  26  2:51  Orbital Command  
  26  2:53  Marine x2, SCV  
  26  2:54  Barracks Tech Lab  
  29  3:05  SCV  
  30  3:11  Marine x2  
  30  3:12  Marine, Stimpack, Barracks Tech Lab  
  32  3:17  SCV  
  32  3:18  SCV  
  35  3:26  Supply Depot  
  35  3:29  Marine x3  
  35  3:30  Marine, Combat Shield  
  35  3:32  Marine  
  40  3:35  SCV  
  40  3:36  SCV  
  42  3:45  Supply Depot  
  42  3:47  Marine x3  
  44  3:48  Marine  
  44  3:50  Marine, SCV  
  44  3:52  SCV  
  48  4:02  SCV  
  49  4:04  Marine, SCV  
  49  4:05  Marine x2  
  49  4:06  Marine  
  49  4:08  Supply Depot, Marine  
  55  4:14  SCV  
  55  4:16  SCV  
  57  4:22  Marine  
  57  4:23  Marine x2  
  57  4:24  Marine  
  60  4:26  Marine  
  60  4:27  Supply Depot  
  60  4:30  SCV x2  
  64  4:40  Marine x2  
  64  4:41  Marine  
  64  4:42  Marine, SCV x2  
  70  4:48  Marine  
  71  4:54  SCV x2  
  71  4:58  Marine x3  
  71  4:59  Marine  
  76  5:06  SCV  
  78  5:12  SCV  
  78  5:13  Marine  
  78  5:16  Marine x3  
  78  5:17  Marine  
  78  5:18  SCV  
  69  5:23  Supply Depot  
  69  5:24  SCV  
  54  5:30  SCV  
  54  5:31  Marine  
  54  5:34  Marine x2  
  54  5:35  Marine  
  52  5:36  SCV  
  52  5:42  SCV  
  54  5:43  Engineering Bay  
  54  5:44  Factory  
  54  5:48  SCV  
  54  5:49  Marine  
  56  5:51  Marine, Barracks Reactor  
  56  5:52  Marine  
  56  5:53  Marine  
  56  5:54  SCV  
  56  5:55  Refinery  
  56  5:56  Barracks  
  59  5:57  Refinery  
  59  6:00  SCV  
  59  6:06  SCV  
  59  6:09  Marine x2  
  57  6:12  SCV  
  57  6:16  Marauder x2  
  53  6:18  SCV  
  53  6:25  SCV  
Tags
 
Add a new tag
Caveats
  • Supply blocks, unpowered buildings, or Contaminate may cause inaccurate times.
  • Supply counts are checked every 10 seconds.